Unix NetHack Version 5.0.0-0 post-release - last build May 23 2026 06:08:33 (1c0ff79ee797540d5714e4e18072db0edd9e58ae,branch:main).

Game began 2026-05-25 18:48:50, ended 2026-05-25 19:09:31.

Atomicjoy, chaotic male elven Wizard

                            ---
     ---.-              --- |..- ---
     |..... ---         -.---...--.--   -.--
     |^....--..|       |............|  -...|                     ----
     |.........---      -..........-- |....|                      ..|
     ---.........--     |..........--.|.--.-----                  ..|
       ----.....).-     --..............||.......|               --.------
          |...*.....|    |..........--..||..--..[|              --...--.>.
         ---[......--    ---......-- --.|--......|             --.........
         |....---..|       ---....|  --.|--(.....----         --..........
         |.|..-- --          -....-- |..|...........|        --........--
 ----    |.|-..--         ---......| |...`....--....|        |..-...--.-----
--..------.| -..|      ----........| |......^.||^----     ----.-....||.....|
|..........|  -.|      -..........-- |......:--|..|      ...|...---. -----.|
--..--------- |<|      ...........-- |.|....@----.--    ........-       |..|
 |.....||...|--.|     --............--.|-...F.| |..| ----........       |..|
 --...--|...--..-------...--...........| .....| -..--....^......        ---
   ---- |.......(.......-#- .........##   ...-- .......--.....-
        |........-------   |..........     ---   .----.
        --.|.--.--             .--.--
         ---- ---
Atomicjoy the Evoker      St:9 Dx:13 Co:14 In:18 Wi:13 Ch:10  Chaotic
Dlvl:5  $:201 HP:18(21) Pw:25(27) AC:7  Xp:2/26 T:1800  Burdened

Latest messages:
 You are caught in a bear trap.
 You are caught in a bear trap.
 You are caught in a bear trap.
 You are caught in a bear trap.
 You are caught in a bear trap.
 You are caught in a bear trap.
 You are caught in a bear trap.
 You are caught in a bear trap.
 You are caught in a bear trap.
 You are caught in a bear trap.
 You are caught in a bear trap.
 You are caught in a bear trap.
 You are caught in a bear trap.
 You are caught in a bear trap.
 You are caught in a bear trap.
 You are caught in a bear trap.
 You are caught in a bear trap.
 You are caught in a bear trap.
 You are caught in a bear trap.
 You are caught in a bear trap.
 The gecko misses!
 You are caught in a bear trap.
 You are caught in a bear trap.
 You are caught in a bear trap.
 The gecko bites!
 You are caught in a bear trap.
 You are caught in a bear trap.
 You are caught in a bear trap.
 You are caught in a bear trap.
 The gecko misses!
 You are caught in a bear trap.
 You finally wriggle free.
 Really step onto that rolling boulder trap? [yn] (n) n
 Really step onto that rolling boulder trap? [yn] (n) y
 Click!  You trigger a rolling boulder trap!
 No boulder was released.
 In what direction? 6
 The spell hits the floating eye!
 You kill the floating eye!
 Welcome to experience level 2.
 You see here a floating eye corpse.
 There is a floating eye corpse here; eat it? [ynq] (n) y
 This floating eye corpse is fatty.
 You stop eating the floating eye corpse.
 What do you want to read? [i-kqvwyH or ?*] y
 As you read the scroll, it disappears.
 Thinking of Maud you forget everything else.
 The gecko bites!
 Really quit without saving? [yn] (n) y
 Do you want your possessions identified? [ynq] (y) q

Inventory:
 Coins    ('$')
  $ - 201 gold pieces
 Weapons  (')')
  t - 36 +0 darts
  N - 6 +0 daggers
  B - a +0 elven dagger
  W - a +0 orcish dagger
  G - the +2 Dragonbane (weapon in right hand)
  s - a blessed +4 flail
  a - a blessed +1 quarterstaff (alternate weapon; not wielded)
 Armor    ('[')
  P - an uncursed +0 pair of iron shoes (being worn)
  b - an uncursed +0 cloak of magic resistance (being worn)
  Q - an uncursed +0 dwarvish cloak
 Comestibles  ('%')
  D - an uncursed slime mold
  r - 2 uncursed food rations
  C - an uncursed fortune cookie
  O - an uncursed sprig of wolfsbane
  S - an uncursed lichen corpse
 Scrolls  ('?')
  i - an uncursed scroll of confuse monster
  q - an uncursed scroll of destroy armor
  H - an uncursed scroll of gold detection
  j - an uncursed scroll of identify
  v - an uncursed scroll of light
  w - an uncursed scroll of remove curse
  k - an uncursed scroll of taming
 Potions  ('!')
  p - an uncursed potion of blindness
  f - an uncursed potion of gain level
  h - a blessed potion of healing
  z - 2 uncursed potions of healing
  F - a blessed potion of monster detection
  x - an uncursed potion of object detection
  g - an uncursed potion of see invisible
  K - an uncursed potion of sleeping
  I - 2 uncursed potions of speed
  J - an uncursed potion of water
 Rings    ('=')
  e - an uncursed ring of sustain ability
  d - an uncursed ring of warning
 Wands    ('/')
  c - a wand of undead turning (0:8)
 Tools    ('(')
  o - an uncursed bugle
  n - a magic marker (0:22)
  T - an uncursed skeleton key
  E - an uncursed tin whistle
  U - an uncursed towel
 Gems/Stones  ('*')
  R - an uncursed amethyst stone
  M - an uncursed worthless piece of violet glass
  V - an uncursed flint stone

Atomicjoy the Wizard's attributes:

Background:
 You were an Evoker, a level 2 male elven Wizard.
 You were chaotic, on a mission for Anhur
 who was opposed by Ptah (lawful) and Thoth (neutral).
 You were right-handed.
 You were in the Gnomish Mines, on level 5.
 You entered the dungeon 1800 turns ago.
 You had 26 experience points, 14 more were needed to attain level 3.

Basics:
 You had 18 out of 21 hit points.
 You had 25 out of 27 energy points (spell power).
 Your armor class was 7.
 Your wallet contained 201 zorkmids.
 Autopickup was off.

Final Characteristics:
 Your strength was 9 (limit:18).
 Your dexterity was 13 (limit:18).
 Your constitution was 14 (limit:16).
 Your intelligence was 18 (limit:20).
 Your wisdom was 13 (limit:20).
 Your charisma was 10 (limit:18).

Final Status:
 You weren't hungry.
 You were burdened; movement was slightly slowed.
 You were wielding a broadsword.
 You had no skill with broadsword.

Final Attributes:
 You were devoutly aligned.
 You were magic-protected.
 You had infravision.
 You were warded.
 You had reflection.
 You survived.

Miscellaneous:
 You didn't encounter any bones levels.
 Total elapsed playing time was 20 minutes and 40 seconds.

Major events:
 Turn
    1: Atomicjoy the chaotic male elven Wizard entered the dungeon
  564: found Dragonbane on the floor
  855: entered the Gnomish Mines
 1582: reached Mine Town
 1800: quit

Spells:
 Name                 Level Category     Fail Retention
 force bolt             1   attack         0%  91%-100%
 light                  1   divination     0%    (gone)

Skills:
 Fighting Skills
   bare handed combat [Unskilled]
   riding             [Unskilled]
 Weapon Skills
   dagger             [Unskilled]
   knife              [Unskilled]
   axe                [Unskilled]
   short sword        [Unskilled]
   club               [Unskilled]
   mace               [Unskilled]
   quarterstaff       [Basic]
   polearms           [Unskilled]
   spear              [Unskilled]
   trident            [Unskilled]
   sling              [Unskilled]
   dart               [Unskilled]
   shuriken           [Unskilled]
 Spellcasting Skills
   attack spells      [Basic]
   healing spells     [Unskilled]
   divination spells  [Unskilled]
   enchantment spells [Basic]
   clerical spells    [Unskilled]
   escape spells      [Unskilled]
   matter spells      [Unskilled]

Voluntary challenges:
 Character rerolling was not enabled.
 You never genocided any monsters.
 You never polymorphed an object.
 You never changed form.
 You used no wishes.
Achievements:
 You entered a shop.
 You entered the Gnomish Mines.
 You entered Minetown.

 The Dungeons of Doom: levels 1 to 4
    Level 1:
       A fountain.
    Level 2:
       A general store.
    Level 3:
       A fountain.
    Level 4:
       A potion shop, a fountain.
       Stairs down to The Gnomish Mines.
 The Gnomish Mines: levels 5 to 7
    Level 5: <- You were here.
    Level 6:
    Level 7:


Vanquished creatures:
  a gnome leader
  a floating eye
  2 dwarves
  3 hill orcs
  a wererat
 an iguana
  a hobbit
  a yellow mold
 11 gnomes
  2 jackals
  3 kobolds
  a goblin
  a sewer rat
  6 grid bugs
  2 lichens
  6 newts
43 creatures vanquished.

No species were genocided or became extinct.

Goodbye Atomicjoy the Wizard...

You quit in The Gnomish Mines on dungeon level 5 with 615 points,
and 201 pieces of gold, after 1800 moves.
You were level 2 with a maximum of 21 hit points when you quit.

